 Dungeon Crawl Stone Soup version 0.25.1-2-g60ff931df9 (webtiles) character file.

Game seed: 9480490737537553320

11325 Peloso the Carver (level 11, 0/97 HPs)
             Began as a Minotaur Fighter on Aug 10, 2020.
             Was a High Priest of Okawaru.
             Succumbed to a spiny frog's poison
             ... on level 1 of the Lair of Beasts.
             The game lasted 00:30:49 (13886 turns).

Peloso the Carver (Minotaur Fighter)               Turns: 13886, Time: 00:30:50

Health: 0/97       AC: 13    Str: 22    XL:     11   Next: 47%
Magic:  9/10       EV:  9    Int:  5    God:    Okawaru [*****.]
Gold:   668        SH: 12    Dex: 12    Spells: 10/10 levels left

rFire    . . .     SeeInvis +   a - +1 long sword
rCold    . . .     Gourm    .   c - +0 kite shield
rNeg     . . .     Faith    .   r - +0 chain mail
rPois    .         Spirit   .   (helmet restricted)
rElec    .         Reflect  .   (no cloak)
rCorr    +         Harm     .   i - +0 pair of gloves
MR       .....                  (no boots)
Stlth    ..........             (no amulet)
HPRegen  0.26/turn              v - ring of see invisible
MPRegen  0.12/turn              d - ring of resist corrosion

@: lethally poisoned (0 -> -12), slowed, very slow
A: retaliatory headbutt, horns 2
a: Heroism, Finesse, Renounce Religion


You were on level 1 of the Lair of Beasts.
You worshipped Okawaru.
Okawaru was extremely pleased with you.
You were hungry.

You visited 2 branches of the dungeon, and saw 12 of its levels.
You also visited: Sewer.

You collected 668 gold pieces.

Inventory:

Hand Weapons
 a - a +1 long sword (weapon)
Missiles
 g - 93 bolts
Armour
 b - a +0 scale mail
 c - a +0 kite shield (worn)
 i - a +0 pair of gloves (worn)
 r - a +0 chain mail (worn)
Jewellery
 d - a ring of resist corrosion (right hand)
 v - a ring of see invisible (left hand)
Wands
 w - a wand of polymorph (5)
 A - a wand of disintegration (20)
 D - a wand of paralysis (16)
 F - a wand of random effects (8)
 G - a wand of iceblast (5)
Scrolls
 j - 4 scrolls of remove curse
 l - 11 scrolls of teleportation
 p - 3 scrolls of immolation {unknown}
 q - 2 scrolls of enchant weapon
 s - a scroll of torment {unknown}
 t - 2 scrolls of enchant armour {unknown}
 x - 5 scrolls of amnesia
 y - a scroll of fog {unknown}
 B - 2 scrolls of magic mapping
 H - 3 scrolls of identify
 I - a scroll of acquirement {unknown}
Potions
 e - 2 potions of might
 h - 3 potions of magic
 k - 3 potions of invisibility
 m - 2 potions of cancellation
 o - 3 potions of flight
 u - 2 potions of stabbing
 C - 2 potions of brilliance
 E - a potion of haste
Comestibles
 f - 33 rations
 z - 2 chunks of flesh


   Skills:
 + Level 9.5 Fighting
 + Level 13.0 Long Blades
 + Level 11.1 Armour
 + Level 4.7 Dodging
 + Level 1.1 Stealth
 + Level 9.8 Shields
 + Level 1.0 Invocations
 + Level 0.3 Evocations


You had 10 spell levels left.
You didn't know any spells.
Your spell library contained the following spells:

 Spells                   Type           Power        Failure   Level  Hunger
 Animate Skeleton         Necr           N/A          99%         1    ##.....
 Apportation              Tloc           #.....       99%         1    ##.....
 Corona                   Hex            #......      99%         1    ##.....
 Magic Dart               Conj           #...         99%         1    ##.....
 Summon Small Mammal      Summ           #...         99%         1    ##.....
 Blink                    Tloc           N/A          100%        2    ###....
 Call Imp                 Summ           #.......     100%        2    ###....
 Ensorcelled Hibernation  Hex/Ice        #.....       100%        2    ###....
 Slow                     Hex            #.......     100%        2    ###....
 Confusing Touch          Hex            #.......     100%        3    ####...
 Conjure Flame            Conj/Fire      #.......     100%        3    ####...
 Dazzling Flash           Conj/Hex       #.....       100%        3    ####...
 Mephitic Cloud           Conj/Pois/Air  #.......     100%        3    ####...
 Tukima's Dance           Hex            #.......     100%        3    ####...


Dungeon Overview and Level Annotations

Branches:
Dungeon (11/15)            Temple (0/1) D:6            Lair (1/6) D:8
    Orc (0/2) D:10          Sewer (visited)

Altars:
Cheibriados
Elyvilon
Fedhas
Gozag
Hepliaklqana
Okawaru
Qazlal
Ru
Trog
Vehumet
Xom
Yredelemnul
The Shining One

Shops:
D:10 }

Portals:
Trove: D:10 (give 6 scrolls of fog)

Annotations:
Lair:1 Gastronok


Innate Abilities, Weirdness & Mutations

You reflexively headbutt those who attack you in melee.
You have a pair of horns on your head.


Message History

The spiny frog is almost dead.
The spiny frog stings you!!
* * * LOW HITPOINT WARNING * * *
You slash the spiny frog!
You kill the spiny frog!
Okawaru accepts your kill.
Your base Long Blades skill increases to level 13!
* * * LOW HITPOINT WARNING * * *
You feel sick.
Unknown command.
Okay, then.
* * * LOW HITPOINT WARNING * * *
You feel sick.
Found a scroll of remove curse.
* * * LOW HITPOINT WARNING * * *
You feel very sick.
* * * LOW HITPOINT WARNING * * *
You feel sick.
You feel like a meek peon again.
You die...

≈≈P$...................
≈≈≈≈.......###.####....#
P≈≈≈.......#......#.....
PPP.......#......#....#
#........#....?.#....#
#..............
##......#......
#......+...... #..@...#
##### #..........
#.$..........
..............
................
................
................
##+##.#..#.####


There were no monsters in sight!

Vanquished Creatures
  A catoblepas (Lair:1)
  Sonja (Lair:1)
  An unseen horror (D:11)
  2 spiny frogs (Lair:1)
  A troll (D:11)
  4 hornets
  2 hippogriffs
  A wyvern (D:11)
  6 yaks (D:9)
  A basilisk (Lair:1)
  4 hogs (D:9)
  2 hungry ghosts
  A human (D:9)
  Menkaure (D:6)
  An acid dragon (D:10)
  A water moccasin (D:10)
  An ice beast (D:8)
  3 eyes of draining (D:7)
  3 orc warriors
  A phantom (D:8)
  3 sky beasts
  A necrophage (D:11)
  9 ogres
  3 centaurs
  4 crocodiles
  A big kobold (D:11)
  A gnoll sergeant (D:10)
  7 bullfrogs
  3 scorpions
  4 wights (D:5)
  5 crimson imps
  2 bullfrog skeletons
  3 bullfrog zombies
  Crazy Yiuf (D:4)
  2 hounds
  4 orc priests
  2 jellies (D:9)
  2 centaur skeletons
  2 iguanas (D:7)
  8 orc wizards
  9 worker ants
  2 merfolk sirens (Sewer)
  A merfolk avatar (Sewer)
  A hound skeleton (D:8)
  A worker ant zombie (D:9)
  16 gnolls
  2 howler monkey skeletons
  2 river rats (Sewer)
  14 adders
  2 oozes
  An adder zombie (D:9)
  3 worms
  3 dart slugs
  10 leopard geckos
  45 orcs
  11 giant cockroaches
  8 goblins
  9 hobgoblins
  21 jackals
  11 kobolds
  4 quokkas
  5 ball pythons
  10 bats
  8 frilled lizards
  2 gnoll zombies (D:7)
  33 rats
339 creatures vanquished.

Notes
Turn   | Place    | Note
-------+----------+-------------------------------------------
     0 | D:1      | Peloso the Minotaur Fighter began the quest for the Orb.
     0 | D:1      | Reached XP level 1. HP: 19/19 MP: 0/0
   103 | D:1      | Reached XP level 2. HP: 27/27 MP: 1/1
   395 | D:1      | Reached XP level 3. HP: 33/33 MP: 2/2
   527 | D:1      | Reached skill level 3 in Long Blades
   704 | D:1      | You fall into a shaft and drop 1 floor!
   937 | D:2      | Found a blossoming altar of Fedhas.
   959 | D:2      | Reached XP level 4. HP: 40/40 MP: 3/3
  1043 | D:2      | Found an opulent altar of Gozag.
  2033 | D:1      | Reached skill level 4 in Long Blades
  2613 | D:3      | Reached XP level 5. HP: 47/47 MP: 4/4
  2933 | D:3      | Found a stormy altar of Qazlal.
  3054 | D:4      | Noticed an ogre
  3069 | D:5      | Entered Level 5 of the Dungeon
  3082 | D:5      | Reached skill level 1 in Dodging
  3084 | D:5      | Found a sacrificial altar of Ru.
  3085 | D:5      | Reached skill level 5 in Long Blades
  3101 | D:5      | Reached XP level 6. HP: 8/53 MP: 5/5
  3183 | D:5      | Found a white marble altar of Elyvilon.
  3202 | D:5      | Found an iron altar of Okawaru.
  3211 | D:5      | Became a worshipper of Warmaster Okawaru
  3224 | D:5      | Found a glowing drain.
  3235 | Sewer    | Entered a sewer
  3721 | Sewer    | Reached skill level 5 in Armour
  3900 | Sewer    | Reached skill level 5 in Shields
  4419 | D:5      | Found a hazy altar of Hepliaklqana.
  4465 | D:5      | Reached * piety under Okawaru
  4465 | D:5      | Reached XP level 7. HP: 44/60 MP: 6/6
  4598 | D:5      | Reached skill level 5 in Fighting
  4950 | D:5      | Reached skill level 6 in Long Blades
  5544 | D:4      | Reached ** piety under Okawaru
  5544 | D:4      | Reached XP level 8. HP: 35/69 MP: 7/7
  5726 | D:4      | Found a snail-covered altar of Cheibriados.
  5781 | D:4      | Found a runed translucent door.
  5782 | D:4      | Noticed Crazy Yiuf
  6016 | D:4      | Killed Crazy Yiuf
  6078 | D:6      | Noticed Menkaure
  6087 | D:6      | Killed Menkaure
  6087 | D:6      | Reached skill level 7 in Long Blades
  6623 | D:6      | Found a staircase to the Ecumenical Temple.
  7020 | D:7      | Found a radiant altar of Vehumet.
  7418 | D:7      | Found a glowing golden altar of the Shining One.
  7505 | D:7      | Reached skill level 8 in Long Blades
  7583 | D:7      | Reached *** piety under Okawaru
  7583 | D:7      | Reached XP level 9. HP: 49/79 MP: 8/8
  7720 | D:7      | Found a bloodstained altar of Trog.
  7845 | D:7      | Found a basalt altar of Yredelemnul.
  8037 | D:8      | Reached skill level 9 in Long Blades
  8270 | D:8      | Found a staircase to the Lair.
  8527 | D:8      | Reached skill level 1 in Stealth
  9176 | D:9      | Reached skill level 10 in Long Blades
  9307 | D:9      | Reached **** piety under Okawaru
  9319 | D:9      | Reached XP level 10. HP: 44/88 MP: 9/9
  9429 | D:9      | Paralysed by a hornet for 3 turns
  9743 | D:9      | Reached skill level 11 in Long Blades
  9917 | D:9      | Found a shimmering altar of Xom.
 10234 | D:10     | Entered Level 10 of the Dungeon
 10276 | D:10     | Paralysed by a hornet for 2 turns
 10758 | D:10     | Found a staircase to the Orcish Mines.
 11009 | D:10     | Found Waen Malud's Gadget Boutique.
 11047 | D:10     | Reached ***** piety under Okawaru
 11053 | D:10     | Found a portal to a secret trove of treasure.
 11568 | D:11     | Received a gift from Okawaru
 11649 | D:11     | Reached skill level 10 in Armour
 11658 | D:11     | Reached skill level 12 in Long Blades
 11863 | D:11     | Noticed an unseen horror
 11881 | D:11     | Killed an unseen horror
 12021 | D:11     | Reached XP level 11. HP: 74/95 MP: 10/10
 13462 | Lair:1   | Entered Level 1 of the Lair of Beasts
 13829 | Lair:1   | Noticed a five-headed hydra
 13831 | Lair:1   | Noticed a catoblepas
 13831 | Lair:1   | a five-headed hydra changed into a catoblepas
 13841 | Lair:1   | Killed a catoblepas
 13841 | Lair:1   | Reached skill level 1 in Invocations
 13856 | Lair:1   | Noticed Gastronok
 13861 | Lair:1   | Noticed Sonja
 13865 | Lair:1   | Killed Sonja
 13882 | Lair:1   | Reached skill level 13 in Long Blades
 13884 | Lair:1   | HP: 3/97 [poisoned by a spiny frog]
 13885 | Lair:1   | HP: 1/97 [poisoned by a spiny frog]
 13886 | Lair:1   | Succumbed to a spiny frog's poison

Illustrated notes

Levels and vault maps discovered:
D:1:      dpeg_arrival_another_circle, layout_basic, serial_glass,
          glass_columns_a, glass_columns_a, glass_columns_b, glass_columns_a,
          glass_columns_a, glass_columns_c, glass_columns_b, glass_columns_a,
          minmay_misc_feat_four_crosses, minmay_cupped
D:2:      layout_basic, nicolae_overflow_crystal_walls, grunt_gozag_breadcrumbs
D:3:      layout_basic, marbit_many_paths
D:4:      layout_loops_ring, kennysheep_slug_shrine, uniq_crazy_yiuf_cottage
D:5:      layout_loops_ring, okawaru_metal_pillars_1_2, elyvilon_altar_5,
          lemuel_doored_altar, nicolae_ru_sacrificial_ziggurat,
          portal_sewer_entry_d, first_ration, grunt_ministairs_15,
          corner_web_ring, minmay_fractal_squares_5
D:6:      layout_basic, minmay_temple_entry_butterflies, uniq_menkaure
D:7:      layout_rooms, overflow_temple_1_default, kennysheep_mini_moat,
          lemuel_zombie_altar_yredelemnul, trog_eyes_of_draining
D:8:      layout_basic, nicolae_overflow_hidden_temple, lair_entry_dummy,
          serial_glass, glass_columns_b, glass_columns_a, due_unseen_surprise,
          minmay_strange_pillars
D:9:      layout_cross, basic_altar, grunt_livestock
D:10:     layout_loops_corners, hiddenorc1_lemuel, serial_shops, shop,
          enter_trove_2, minmay_microvault
D:11:     layout_grid_maze, hangedman_abyss_or_decor_jellyfish_corner,
          chequers_serial_rivers_small_b
Lair:1:   layout_regular_city, chequers_serial_rivers_large_a,
          serial_bayou_shore_a, uniq_sonja, uniq_gastronok, uniq_fannar

Skill      XL: |  1  2  3  4  5  6  7  8  9 10 11 |
---------------+----------------------------------+-----
Shields        | 4 5 7 8 9 |  9.8
Fighting       | 4 5 7 8 9 |  9.5
Armour         | 4 6 7 8 10 11 | 11.1
Long Blades    | 3 4 5 6 8 10 12 13 | 13.0
Dodging        | 1 2 3 4 |  4.7
Stealth        | 1 |  1.1
Invocations    | 1 |  1.0
Evocations     | |  0.3

Action                   |  1- 3 |  4- 6 |  7- 9 | 10-12 || total
-------------------------+-------+-------+-------+-------++-------
Melee: Long sword        |    99 |   244 |   342 |   412 ||  1097
       Headbutt          |    17 |    31 |    73 |   105 ||   226
Invok: Heroism           |       |       |     2 |     6 ||     8
Evoke: Wand              |       |       |       |     6 ||     6
  Use: Scroll            |     5 |     7 |     3 |     4 ||    19
       Potion            |     1 |     6 |       |     2 ||     9
 Stab: Invisible         |       |     2 |       |       ||     2
  Eat: Chunk             |       |    11 |    18 |    17 ||    46
Armor: Scale mail        |    61 |    87 |       |       ||   148
       Chain mail        |       |    10 |   122 |   137 ||   269
Dodge: Dodged            |    45 |    86 |    55 |    99 ||   285
Block: Kite shield       |    59 |   162 |   156 |   246 ||   623
       Rpst.: Long sword |    13 |    27 |    17 |    26 ||    83
